Map: Disco Bloodbath LE

Players

pHARM

  • Race: Zerg Zerg
  • League: Platinum
  • Spawn Location: 3:00

cool - Winner!

  • Race: Terran Terran
  • League: Platinum
  • Spawn Location: 9:00

VOD

Have the link to the VOD?

Description

Time

  • Played on: Aug. 31, 2019, 9:58 p.m.
  • Length: 10:22
Show
View Real Time Build Order
Export as new Build Order

pHARM Zerg 

Build Orders: Hatch First 

Get SALT Encoding   

  12  0:01  Drone  
  13  0:13  Overlord  
  13  0:19  Drone  
  14  0:32  Drone  
  14  0:33  Drone  
  16  0:51  Hatchery  
  15  0:57  Drone  
  15  0:58  Drone  
  15  1:00  Drone  
  18  1:08  Drone  
  19  1:18  Spawning Pool  
  18  1:28  Drone  
  19  1:38  Extractor  
  18  1:40  Drone  
  19  1:51  Drone  
  19  1:52  Overlord  
  20  2:04  Drone  
  20  2:05  Queen x2  
  20  2:06  Zergling x2  
  26  2:26  Drone  
  26  2:27  Drone x3  
  29  2:57  Drone x6  
  35  3:03  Metabolic Boost  
  35  3:12  Overlord x2  
  35  3:29  Queen  
  35  3:32  Drone x3  
  35  3:33  Drone x4  
  44  3:35  Hatchery  
  44  3:41  Extractor  
  42  3:42  Overlord x2, Extractor  
  41  3:55  Lair  
  41  4:06  Drone x5  
  41  4:07  Drone  
  47  4:22  Baneling Nest  
  47  4:24  Evolution Chamber  
  45  4:25  Evolution Chamber  
  45  4:27  Roach Warren  
  45  4:28  Pneumatized Carapace  
  43  4:50  Zerg Melee Weapons Level 1  
  43  4:51  Zerg Ground Armor Level 1  
  43  4:54  Drone x4  
  47  5:10  Glial Reconstitution  
  47  5:11  Roach x7  
  61  5:17  Spore Crawler x2  
  61  5:20  Spore Crawler  
  58  5:23  Spore Crawler x2  
  58  5:24  Spore Crawler  
  58  5:26  Spore Crawler  
  58  5:28  Spore Crawler, Drone x6  
  55  5:29  Drone  
  60  5:51  Drone x2  
  60  5:54  Centrifical Hooks  
  62  6:00  Zergling x2  
  62  6:01  Zergling x10  
  68  6:19  Baneling  
  68  6:20  Baneling x12  
  68  6:22  Zergling x10  
  68  6:23  Overlord  
  68  6:24  Overlord x2  
  73  7:00  Drone  
  73  7:01  Drone x14  
  80  7:20  Drone  
  80  7:21  Drone x6  
  87  7:28  Extractor  
  86  7:30  Hydralisk Den  
  85  7:42  Drone x5  
  90  7:44  Extractor  
  90  7:46  Extractor, Hatchery  
  90  7:50  Infestation Pit, Zerg Melee Weapons Level 2  
  90  7:51  Zerg Ground Armor Level 2  
  86  8:12  Grooved Spines  
  86  8:17  Hydralisk x2  
  86  8:18  Hydralisk x4  
  94  8:43  Overseer x3  
  92  9:01  Roach  
  94  9:04  Overlord x3  
  94  9:05  Overlord x2  
  94  9:22  Zergling x10  
  94  9:23  Zergling x18  
  94  9:44  Baneling x5  
  94  9:45  Baneling x13  
Show
View Real Time Build Order
Export as new Build Order

cool Terran - Winner!

Build Orders: Gas First Reaper Expand, Hellion Banshee 

Get SALT Encoding   

  12  0:01  SCV  
  13  0:13  SCV  
  14  0:17  Supply Depot  
  14  0:25  SCV  
  15  0:29  Refinery  
  15  0:39  SCV  
  16  0:45  Barracks  
  16  0:51  SCV  
  17  1:03  SCV  
  18  1:15  SCV  
  19  1:32  Orbital Command  
  19  1:34  Reaper  
  20  1:47  Command Center  
  20  2:06  Factory  
  20  2:08  SCV, Refinery  
  21  2:20  SCV  
  22  2:24  Supply Depot  
  22  2:28  Barracks Reactor  
  22  2:32  SCV  
  23  2:45  SCV  
  24  2:57  SCV  
  25  3:00  Starport  
  25  3:03  Orbital Command  
  25  3:13  Factory Tech Lab  
  25  3:26  Hellion  
  29  3:27  Hellion  
  29  3:28  Barracks Tech Lab  
  29  3:30  SCV  
  30  3:42  SCV  
  30  3:45  SCV  
  30  3:47  Hellion  
  36  3:48  Hellion  
  36  3:54  SCV  
  37  4:02  Cloaking Field  
  37  4:03  Banshee  
  37  4:04  Barracks Reactor  
  37  4:07  SCV  
  37  4:08  SCV  
  42  4:13  Supply Depot  
  42  4:19  SCV  
  43  4:25  SCV  
  43  4:29  Hellion  
  46  4:35  SCV, Hellion  
  49  4:46  Banshee  
  49  4:50  Hellion  
  54  5:06  Engineering Bay  
  54  5:14  Barracks x2  
  54  5:16  Barracks  
  54  5:18  Command Center  
  54  5:29  Marine x2, SCV x2  
  54  5:32  Supply Depot  
  62  5:41  SCV  
  59  5:47  Marine x2  
  61  5:59  Terran Infantry Armor Level 1  
  61  6:02  SCV, Engineering Bay  
  62  6:05  Marine x2  
  62  6:08  Medivac  
  62  6:09  Medivac  
  68  6:11  Barracks Reactor  
  68  6:12  Barracks Tech Lab x2  
  68  6:14  SCV  
  69  6:21  Refinery  
  69  6:22  Marine  
  69  6:23  Refinery  
  70  6:26  Marine, Siege Tank  
  70  6:30  Orbital Command  
  70  6:32  SCV  
  75  6:33  Liberator  
  75  6:34  SCV  
  76  6:40  Marine  
  76  6:44  SCV  
  76  6:46  Marine, SCV  
  76  6:47  Marine x2, Marauder  
  87  6:56  SCV  
  87  6:58  Marine, Siege Tank, SCV  
  93  7:10  Marauder  
  83  7:23  SCV  
  83  7:24  Marine  
  83  7:25  Marine x2, Marauder  
  83  7:26  SCV  
  83  7:27  SCV  
  91  7:31  Marauder  
  91  7:34  Combat Shield  
  91  7:35  Stimpack  
  93  7:46  Marine x3, Siege Tank, SCV  
  93  7:50  Supply Depot  
  100  7:58  SCV  
  101  8:12  Marine x3, SCV x3, Marauder  
  109  8:13  Supply Depot  
  109  8:20  Command Center  
  109  8:35  Marine x5, Siege Tank  
  117  9:10  Supply Depot  
  117  9:12  Supply Depot  
  117  9:13  SCV  
  117  9:14  Supply Depot  
  117  9:16  Siege Tank  
  117  9:18  Marine x2, SCV  
  117  9:31  Marine x2, Medivac  
  117  9:32  Medivac, Marauder x2  
  117  9:35  Supply Depot  
  117  9:36  Marine x2  
  129  9:45  Barracks  
  128  9:47  Barracks  
  128  9:49  Marine x2  
  130  9:53  Marine, Marauder  
  130  9:54  Marine x2  
Tags
 
Add a new tag
Caveats
  • Supply blocks, unpowered buildings, or Contaminate may cause inaccurate times.
  • Supply counts are checked every 10 seconds.